 Dungeon Crawl Stone Soup version 0.30-a0-867-g305f33218d (webtiles) character file.

Game seed: 10775000976752988346

74406 bobarctor the Myrmidon (level 15, -2/117 HPs)
             Began as a Demonspawn Gladiator on Mar 10, 2023.
             Was an Elder of Okawaru.
             Killed by divine providence
             ... invoked by a meliai
              (14 damage)
             ... on level 14 of the Dungeon on Mar 11, 2023.
             The game lasted 02:13:12 (25780 turns).

bobarctor the Myrmidon (Demonspawn Gladiator)      Turns: 25780, Time: 02:13:14

Health: -2/117     AC: 25    Str: 15    XL:     15   Next: 6%
Magic:  21/26      EV: 13    Int: 10    God:    Okawaru [****..]
Gold:   1607       SH: 20    Dex: 27    Spells: 13/14 levels left

rFire   + + .      SeeInvis .    i - +1 spear (venom)
rCold   . . .      Faith    .    x - +1 kite shield "Utsokiv" {-Cast rF+ Dex+2}
rNeg    . . .      Spirit   .    N - +1 plate armour {rF+}
rPois   .          Reflect  +    R - +1 hat
rElec   .          Rampage  .    l - +0 cloak
rCorr   .          NoCast   +    T - +2 pair of gloves
Will    +++..                    K - +0 pair of boots
Stlth   ++                       g - amulet of reflection
HPRegen 0.39/turn                o - ring "Fosaoch" {Will+ Dex+4 Stlth+}
MPRegen 0.20/turn                Z - +4 ring of slaying

@: lethally poisoned (-2 -> -4), heroic, finesse-ful, studying Unarmed Combat
A: horns 2, (demonic guardian 2), foul stench 2, weakness stinger 2, demonic
touch 2, strong-willed 1, MP-powered wands
a: Renounce Religion, Heroism, Finesse


You were on level 14 of the Dungeon.
You worshipped Okawaru.
Okawaru was greatly pleased with you.
You visited 4 branches of the dungeon, and saw 22 of its levels.
You also visited: Volcano.

You collected 1787 gold pieces.
You spent 180 gold pieces at shops.

Inventory:

Hand Weapons
 i - a +1 spear of venom (weapon)
 r - a +0 shortbow
 v - a +2 whip of venom
 y - a +3 flail
 B - a +0 quarterstaff of freezing
 C - a +2 war axe
 G - a +2 whip of freezing
 L - a +0 arbalest of chaos
 P - a +1 halberd of flaming
 W - a +1 whip of electrocution
Missiles
 c - 43 poisoned darts
 d - 5 throwing nets
 n - 13 boomerangs
 p - 2 silver boomerangs (quivered)
 Q - 3 silver javelins
 U - 3 atropa-tipped darts
Armour
 j - a +4 ring mail
 l - a +0 cloak (worn)
 t - a +0 troll leather armour
 x - the +1 kite shield "Utsokiv" (worn) {-Cast rF+ Dex+2}
   (Okawaru gifted it to you on level 3 of the Lair of Beasts)

   Dex:       It affects your dexterity (+2).
   rF:        It protects you from fire.
   -Cast:     It prevents spellcasting.
 A - a +2 robe of willpower
 K - a +0 pair of boots (worn)
 N - a +1 plate armour of fire resistance (worn)
 R - a +1 hat (worn)
 T - a +2 pair of gloves (worn)
Magical Staves
 M - a staff of cold
Jewellery
 g - an amulet of reflection (around neck)
 h - a +4 ring of protection
 k - a ring of flight
 o - the ring "Fosaoch" (left hand) {Will+ Dex+4 Stlth+}
   (You found it on level 2 of the Lair of Beasts)

   [ring of willpower]

   Dex:       It affects your dexterity (+4).
   Will:      It increases your willpower.
   Stlth:     It makes you more stealthy.
 Z - a +4 ring of slaying (right hand)
Wands
 I - a wand of iceblast (13)
 O - a wand of quicksilver (5)
 S - a wand of flame (18)
 V - a wand of digging (3)
Scrolls
 a - 9 scrolls of identify
 s - 2 scrolls of magic mapping
 w - 2 scrolls of teleportation
 E - a scroll of amnesia
 J - a scroll of fear
 X - a scroll of fog
 Y - a scroll of blinking
Potions
 b - 2 potions of berserk rage
 e - 2 potions of cancellation
 f - 3 potions of resistance
 m - 2 potions of magic
 q - 13 potions of curing
 u - a potion of invisibility
 z - 3 potions of flight
 D - 2 potions of heal wounds
 F - 3 potions of haste
 H - 2 potions of might


   Skills:
 + Level 10.9(15.9) Fighting
 + Level 2.4(13.3) Axes
 + Level 12.4(17.5) Polearms
 + Level 5.0(10.0) Throwing
 + Level 9.7(14.7) Armour
 + Level 9.9(14.9) Dodging
 + Level 6.1(11.1) Stealth
 + Level 6.0(11.0) Shields
 + Level 15.1 Invocations


You had 13 spell levels left.
You knew the following spells:

 Your Spells              Type           Power      Damage    Failure   Level
a - Slow                  Hex            0%         N/A       100%        1

Your spell library contained the following spells:

 Spells                   Type           Power      Damage    Failure   Level
 Beastly Appendage        Tmut           0%         N/A       100%        1
 Magic Dart               Conj           0%         1d3       100%        1
 Cigotuvi's Dreadful Rot  Necr/Pois/Air  0%         N/A       100%        2
 Wereblood                Tmut           0%         N/A       100%        2
 Gell's Gravitas          Tloc           0%         N/A       100%        3
 Ignite Poison            Fire/Tmut/Pois 0%         N/A       100%        3
 Inner Flame              Hex/Fire       0%         N/A       100%        3
 Mephitic Cloud           Conj/Pois/Air  0%         N/A       100%        3
 Ozocubu's Armour         Ice            0%         N/A       100%        3
 Spider Form              Tmut/Pois      0%         N/A       100%        3
 Teleport Other           Tloc           0%         N/A       100%        3
 Anguish                  Hex/Necr       0%         N/A       100%        4
 Dispel Undead            Necr           0%         3d6       100%        4
 Flame Wave               Conj/Fire      0%         2d4       100%        4
 Sticky Flame             Conj/Fire      0%         2d3       100%        4
 Fireball                 Conj/Fire      0%         3d3       100%        5
 Iskenderun's Battlesphe  Conj           0%         2d6       100%        5
 Conjure Ball Lightning   Conj/Air       0%         3x3d6     100%        6
 Dispersal                Tloc           0%         N/A       100%        6
 Enfeeble                 Hex            0%         N/A       100%        7
 Orb of Destruction       Conj           0%         9d5       100%        7
 Ozocubu's Refrigeration  Ice            0%         4d7       100%        7
 Ignition                 Fire           0%         3d3       100%        8
 Chain Lightning          Conj/Air       0%         N/A       100%        9
 Fire Storm               Conj/Fire      0%         5d1       100%        9
 Shatter                  Erth           0%         3d5*      100%        9
 Call Imp                 Summ           Unusable   N/A       N/A         2
 Death Channel            Necr           Unusable   N/A       N/A         6

Dungeon Overview and Level Annotations

Branches:
Dungeon (14/15)            Temple (1/1) D:4            Lair (5/5) D:10
 Shoals (0/4) Lair:3       Spider (0/4) Lair:3        Slime (0/5) Lair:5
    Orc (2/2) D:10            Elf (0/3) Orc:2        Vaults (0/5) D:13
Volcano (visited)

Altars:
Ashenzari
Cheibriados
Dithmenos
Fedhas
Gozag
Hepliaklqana
Kikubaaqudgha
Makhleb
Nemelex Xobeh
Okawaru
Qazlal
Ru
Sif Muna
Trog
Uskayaw
Vehumet
Wu Jian
Xom
Yredelemnul
Lugonu

Shops:
D:1 *   D:10 (   D:11 =

Portals:
Abyss: Lair:2 Lair:5

Annotations:
Lair:2 2 transporters, freelancePsychic's ghost, journeyman MeAE
Orc:2 Nessos


Innate Abilities, Weirdness & Mutations

You have a pair of horns on your head.
((A demonic guardian rushes to your aid.))
You sometimes emit foul miasma when damaged in melee.
You have a tail ending in a sharp stinger.
Your touch may inflict irresistible damage on your foes.
You are strong-willed. (Will+)
You expend magic power (3 MP) to strengthen your wands.


Message History

The meliai is lightly wounded.
You feel sick.
You hit the meliai but do no damage.
The meliai is poisoned.
Your headbutt misses the meliai.
The meliai is lightly wounded.
You feel sick.
The meliai calls down the wrath of its god upon you.
Something smites you!
You hit the meliai. You headbutt the meliai!
The meliai is heavily wounded.
You feel sick.
The meliai mumbles some strange prayers to its god against you.
Something smites you!
* * * LOW HITPOINT WARNING * * *
The meliai calls upon its god to heal the meliai.
The meliai is healed somewhat.
You hear a chilling moan.
You hit the meliai but do no damage.
The meliai looks as sick as possible!
You headbutt the meliai.
The meliai is heavily wounded.
You miss the meliai. You tail-slap the meliai.
The meliai is almost dead.
You feel sick. You block the meliai's attack. x2
You puncture the meliai!
You kill the meliai!
Okawaru accepts your kill.
You feel sick.
You feel sick.
The meliai mumbles some strange prayers to its god against you.
Something smites you!
* * * LOW HITPOINT WARNING * * *
You feel sick.
You feel sick.
You feel sick. The meliai hits you with a +0 hand axe.
* * * LOW HITPOINT WARNING * * *
You emit a cloud of foul miasma!
You block the meliai's attack.
The meliai is engulfed in dark miasma.
The meliai is poisoned.
The meliai mumbles some strange prayers to its god against you.
Something smites you!
You die...

### ##.### #.... #...# ##
#...# ..# #####
#...##?.## #...#
#........#
#<..##########...#....#
#............@y..#...[.yy
#...###########.##.#..y[.
#.......... ........#.#
######...###.. ##.##.# .#
. .............. #.# .# #
..####...###.. #.# .#
#...# #.# #...# ... #<..#


You could see a meliai (poisoned).

Vanquished Creatures
  Rupert (Lair:5)
  The ghost of qeuew the Severer, a journeyman HOFi of Trog (Lair:2)
  The ghost of Gamaf the Peltast, a journeyman MiFi of Trog (Lair:3)
  Josephine (D:11)
  Fannar (D:10)
  Erolcha (D:9)
  4 hydras
  3 catoblepae
  A centaur warrior (D:13)
  A death yak (D:10)
  An alligator (Lair:3)
  3 tengu warriors
  5 two-headed ogres
  4 boulder beetles
  3 thrashing horrors (Lair:5)
  A skyshark (Lair:3)
  A fire crab (Lair:3)
  Pikel (D:4)
  An orc knight (D:10)
  3 ugly things
  An orc sorcerer (Orc:1)
  5 manticores
  5 cyclopes
  An ice statue (Lair:2)
  15 elephants
  4 black mambas
  5 gargoyles
  7 cane toads
  Maggie (D:9)
  Psyche (D:10)
  11 komodo dragons
  A kobold demonologist (D:13)
  3 rime drakes
  2 tengu conjurers
  A polar bear (Lair:2)
  2 meliai (D:14)
  2 ancient zymes (Lair:5)
  7 trolls
  Prince Ribbit (D:6)
  A wind drake (Lair:3)
  17 blink frogs
  10 dream sheep
  10 small abominations
  A slime creature (D:13)
  2 spriggans (Lair:5)
  4 ynoxinuls (Lair:5)
  61 yaks
  A shadow (D:12)
  6 wraiths
  A vampire (D:12)
  3 wyverns
  A human (shapeshifter) (Lair:5)
  A redback (Lair:3)
  A chaos spawn (Lair:5)
  3 steam dragons
  10 basilisks
  6 vampire mosquitoes (D:12)
  6 wargs
  12 water moccasins
  An acid dragon (D:11)
  Duvessa (D:7)
  11 orc warriors
  A sky beast (D:7)
  5 black bears
  3 ice beasts
  4 ogres
  3 centaurs
  3 large abominations (Lair:5)
  18 wolves
  5 kobold brigands
  16 bullfrogs
  A gnoll sergeant (D:5)
  A wight (D:6)
  Dowan (D:7)
  10 killer bees (D:9)
  2 howler monkeys (D:9)
  3 electric eels
  4 jellies
  A quasit (D:4)
  4 orc priests
  3 hounds
  2 gnoll boudas
  4 iguanas
  5 sleepcaps
  16 orc wizards
  4 hell rats (Lair:2)
  8 river rats (D:5)
  7 adders
  10 gnolls
  7 shadow imps
  4 white imps
  3 ufetubi
  3 worms (D:2)
  A dart slug (D:4)
  36 orcs
  9 ball pythons
  4 endoplasms
  2 giant cockroaches (D:1)
  7 goblins
  9 hobgoblins
  6 jackals
  7 quokkas
  3 bats (D:2)
  4 frilled lizards
  18 kobolds
  21 rats
571 creatures vanquished.

Vanquished Creatures (collateral kills)
  A scorpion (D:3)
  A dart slug (D:3)
2 creatures vanquished.

Vanquished Creatures (others)
  A bush (Lair:4)
  A demonic plant (D:5)
  36 fungi
  53 plants
91 creatures vanquished.

Grand Total: 664 creatures vanquished

Notes
Turn   | Place    | Note
-------+----------+-------------------------------------------
     0 | D:1      | bobarctor the Demonspawn Gladiator began the quest for the
                  | Orb.
     0 | D:1      | Reached XP level 1. HP: 16/16 MP: 1/1
   185 | D:1      | Gained mutation: A weak demonic guardian rushes to your
                  | aid. [demonic ancestry]
   185 | D:1      | Reached XP level 2. HP: 22/22 MP: 2/2
   402 | D:1      | Found Jyammof's General Store.
  1036 | D:2      | Discovered your monstrous ancestry.
  1036 | D:2      | Gained mutation: You have a pair of small horns on your
                  | head. [demonic ancestry]
  1036 | D:2      | Reached XP level 3. HP: 27/27 MP: 3/3
  1300 | D:2      | Reached skill level 1 in Armour
  1413 | D:2      | Found a basalt altar of Yredelemnul.
  1671 | D:2      | Gained mutation: Your touch may inflict minor irresistible
                  | damage on your foes. [demonic ancestry]
  1671 | D:2      | Reached XP level 4. HP: 33/33 MP: 4/4
  1678 | D:2      | Found a faded altar of an unknown god.
  1688 | D:2      | Got Plato's Treatise on Ensorcelling
  1691 | D:2      | Learned a level 1 spell: Slow
  2042 | D:3      | Noticed a centaur
  2052 | D:3      | Killed a centaur
  2052 | D:3      | Noticed a scorpion
  2053 | D:3      | Reached XP level 5. HP: 31/39 MP: 5/5
  2062 | D:3      | Reached skill level 1 in Shields
  2548 | D:4      | Noticed a lemure
  2548 | D:4      | Noticed Pikel
  2563 | D:4      | Noticed a lemure
  2568 | D:4      | Killed Pikel
  2569 | D:4      | Reached skill level 1 in Stealth
  2569 | D:4      | Gained mutation: You have a small tail. [demonic ancestry]
  2569 | D:4      | Reached XP level 6. HP: 47/47 MP: 6/6
  2569 | D:4      | Gained mutation: Your touch may inflict irresistible damage
                  | on your foes. [demonic ancestry]
  2569 | D:4      | Reached XP level 7. HP: 52/52 MP: 7/7
  2816 | D:4      | Found a staircase to the Ecumenical Temple.
  2827 | Temple   | Entered the Ecumenical Temple
  3174 | Temple   | Became a worshipper of Warmaster Okawaru
  3357 | D:5      | Entered Level 5 of the Dungeon
  3612 | D:1      | Bought a potion of attraction for 30 gold pieces
  3612 | D:1      | Bought a scroll of teleportation for 30 gold pieces
  3612 | D:1      | Bought a scroll of vulnerability for 40 gold pieces
  3612 | D:1      | Bought a potion of mutation for 80 gold pieces
  3612 | D:1      | Gained mutation: You sometimes lose your temper in combat.
                  | [potion of mutation]
  3612 | D:1      | Gained mutation: You occasionally shout uncontrollably at
                  | your foes. [potion of mutation]
  3612 | D:1      | Gained mutation: You passively map a small area around you.
                  | [potion of mutation]
  3613 | D:1      | Lost mutation: You passively map a small area around you.
                  | [potion of mutation]
  3613 | D:1      | Lost mutation: You sometimes lose your temper in combat.
                  | [potion of mutation]
  3613 | D:1      | Gained mutation: You passively map a small area around you.
                  | [potion of mutation]
  3613 | D:1      | Gained mutation: Your spells are a little harder to cast,
                  | but a little more powerful. [potion of mutation]
  3613 | D:1      | Gained mutation: Your muscles are strong. (Str +4, Int/Dex
                  | -1) [potion of mutation]
  3613 | D:1      | Gained mutation: You are agile. (Dex +4, Str/Int -1)
                  | [potion of mutation]
  3614 | D:1      | Lost mutation: Your spells are a little harder to cast, but
                  | a little more powerful. [potion of mutation]
  3614 | D:1      | Lost mutation: You are agile. (Dex +4, Str/Int -1) [potion
                  | of mutation]
  3614 | D:1      | Gained mutation: You are clumsy. (Dex -2) [potion of
                  | mutation]
  3809 | D:4      | Reached skill level 1 in Invocations
  4074 | D:5      | Reached skill level 2 in Invocations
  4074 | D:5      | Reached XP level 8. HP: 57/60 MP: 9/9
  4385 | D:5      | Reached skill level 3 in Invocations
  4681 | D:5      | Reached * piety under Okawaru
  4942 | D:6      | Reached skill level 4 in Invocations
  5153 | D:6      | Reached skill level 5 in Armour
  5255 | D:6      | Noticed Prince Ribbit
  5269 | D:6      | Killed Prince Ribbit
  5270 | D:6      | Gained mutation: A demonic guardian rushes to your aid.
                  | [demonic ancestry]
  5270 | D:6      | Reached XP level 9. HP: 43/67 MP: 12/12
  5502 | D:6      | Reached skill level 5 in Dodging
  5505 | D:6      | Reached ** piety under Okawaru
  5597 | D:6      | Reached skill level 5 in Fighting
  5694 | D:6      | Found a shimmering altar of Xom.
  5747 | D:6      | Reached skill level 5 in Invocations
  6151 | D:7      | Lost mutation: You occasionally shout uncontrollably at
                  | your foes. [potion of mutation]
  6151 | D:7      | Lost mutation: Your muscles are strong. (Str +4, Int/Dex
                  | -1) [potion of mutation]
  6151 | D:7      | Gained mutation: Your mind is acute. (Int +4, Str/Dex -1)
                  | [potion of mutation]
  6151 | D:7      | Gained mutation: Your system is resistant to poisons.
                  | (rPois) [potion of mutation]
  6151 | D:7      | Gained mutation: You have sharp toenails. [potion of
                  | mutation]
  6152 | D:7      | Lost mutation: You have sharp toenails. [potion of
                  | mutation]
  6152 | D:7      | Lost mutation: You passively map a small area around you.
                  | [potion of mutation]
  6152 | D:7      | Lost mutation: You are clumsy. (Dex -2) [potion of
                  | mutation]
  6152 | D:7      | Gained mutation: You are strong-willed. (Will+) [potion of
                  | mutation]
  6152 | D:7      | Gained mutation: You possess an exceptional clarity of
                  | mind. [potion of mutation]
  6398 | D:7      | Reached skill level 6 in Invocations
  6503 | D:7      | Noticed Duvessa
  6505 | D:7      | Noticed Dowan
  6515 | D:7      | Killed Duvessa
  6515 | D:7      | Reached *** piety under Okawaru
  6520 | D:7      | Killed Dowan
  7080 | D:8      | Reached skill level 5 in Polearms
  7275 | D:8      | Reached skill level 7 in Invocations
  7275 | D:8      | Gained mutation: You have a tail ending in a sharp stinger.
                  | [demonic ancestry]
  7275 | D:8      | Reached XP level 10. HP: 43/76 MP: 12/15
  7743 | D:9      | Reached **** piety under Okawaru
  7900 | D:9      | Noticed Maggie
  7975 | D:9      | Killed Maggie
  7975 | D:9      | Received a gift from Okawaru
  7976 | D:9      | Reached skill level 8 in Invocations
  8030 | D:9      | Noticed Erolcha
  8051 | D:9      | Killed Erolcha
  8240 | D:9      | Reached skill level 9 in Invocations
  8334 | D:9      | Received a gift from Okawaru
  8701 | D:10     | Entered Level 10 of the Dungeon
  8780 | D:10     | Noticed Psyche
  8790 | D:10     | Killed Psyche
  8807 | D:10     | Gained mutation: You may rarely emit foul miasma when
                  | damaged in melee. [demonic ancestry]
  8807 | D:10     | Reached XP level 11. HP: 73/84 MP: 17/17
  8818 | D:10     | Noticed a death yak
  8845 | D:10     | Killed a death yak
  8897 | D:10     | Found a staircase to the Lair.
  8949 | D:10     | Found Xoefeuh's Antique Weapon Boutique.
  9151 | D:10     | Found a staircase to the Orcish Mines.
  9807 | D:10     | Noticed Fannar
  9831 | D:10     | Killed Fannar
 10094 | Lair:1   | Entered Level 1 of the Lair of Beasts
 10393 | Lair:1   | Reached skill level 10 in Invocations
 10721 | Lair:2   | Noticed a spriggan rider
 10725 | Lair:2   | Noticed a rakshasa
 11074 | Lair:2   | Reached ***** piety under Okawaru
 11316 | Lair:2   | Found a transporter.
 11331 | Lair:2   | Noticed a cyan ugly thing
 11618 | Lair:2   | Noticed freelancePsychic's ghost (journeyman MeAE)
 11646 | Lair:2   | Found a one-way gate to the infinite horrors of the Abyss.
 11662 | Lair:2   | Found a transporter.
 11863 | Lair:2   | Identified the ring "Fosaoch" {Will+ Dex+4 Stlth+}
 12404 | Lair:3   | Reached XP level 12. HP: 92/92 MP: 20/20
 12597 | Lair:3   | Reached skill level 11 in Invocations
 12719 | Lair:3   | Found a hole to the Spider Nest.
 13042 | Lair:3   | Found a staircase to the Shoals.
 13146 | Lair:3   | Lost mutation: Your system is resistant to poisons. (rPois)
                  | [potion of mutation]
 13146 | Lair:3   | Lost mutation: Your mind is acute. (Int +4, Str/Dex -1)
                  | [potion of mutation]
 13146 | Lair:3   | Lost mutation: You possess an exceptional clarity of mind.
                  | [potion of mutation]
 13146 | Lair:3   | Gained mutation: You have a pair of horns on your head.
                  | [potion of mutation]
 13146 | Lair:3   | Gained mutation: You expend magic power (3 MP) to
                  | strengthen your wands. [potion of mutation]
 13159 | Lair:3   | Noticed a catoblepas
 13165 | Lair:3   | Identified the +1 kite shield "Utsokiv" {-Cast rF+ Dex+2}
                  | (Okawaru gifted it to you on level 3 of the Lair of Beasts)
 13165 | Lair:3   | Received a gift from Okawaru
 13166 | Lair:3   | Reached skill level 5 in Stealth
 13180 | Lair:3   | Killed a catoblepas
 13351 | Lair:3   | Noticed an alligator
 13351 | Lair:3   | Noticed a boulder beetle
 13351 | Lair:3   | Noticed a four-headed hydra
 13663 | Lair:3   | Found a runed translucent gate.
 13663 | Lair:3   | Found a runed translucent gate.
 13664 | Lair:3   | Found a runed translucent gate.
 13665 | Lair:3   | Noticed qeuew's ghost (journeyman HOFi)
 13665 | Lair:3   | Noticed Gamaf's ghost (journeyman MiFi)
 13738 | Lair:3   | Noticed a catoblepas
 13763 | Lair:3   | Killed an alligator
 13785 | Lair:3   | Killed a four-headed hydra
 13786 | Lair:3   | Reached skill level 10 in Polearms
 14007 | Lair:3   | Killed a boulder beetle
 14008 | Lair:3   | Reached skill level 12 in Invocations
 14141 | Lair:3   | Killed a catoblepas
 14832 | Lair:2   | Killed qeuew's ghost
 15154 | Lair:3   | Killed Gamaf's ghost
 15262 | Lair:3   | Mutation became permanent: You have a pair of small horns
                  | on your head. [demonic ancestry]
 15262 | Lair:3   | Gained mutation: You have a pair of horns on your head.
                  | [demonic ancestry]
 15262 | Lair:3   | Reached XP level 13. HP: 75/101 MP: 22/22
 15967 | Lair:4   | Reached skill level 13 in Invocations
 16432 | Lair:4   | Received a gift from Okawaru
 16544 | Lair:4   | You fall into a shaft and drop 1 floor!
 16544 | Lair:5   | Entered Level 5 of the Lair of Beasts
 17241 | Lair:5   | Noticed Rupert
 17273 | Lair:5   | Killed Rupert
 17274 | Lair:5   | Reached skill level 10 in Fighting
 17494 | Lair:5   | Reached skill level 14 in Invocations
 17845 | Lair:5   | Received a gift from Okawaru
 18056 | Lair:5   | Gained mutation: You sometimes emit foul miasma when
                  | damaged in melee. [demonic ancestry]
 18056 | Lair:5   | Reached XP level 14. HP: 107/110 MP: 24/24
 18376 | Lair:5   | Received a gift from Okawaru
 18509 | Lair:5   | Found a staircase to the Slime Pits.
 19796 | Lair:5   | Found a corrupted altar of Lugonu.
 20139 | Orc:1    | Entered Level 1 of the Orcish Mines
 20158 | D:11     | Found Gorue's Jewellery Shop.
 20174 | D:11     | Noticed Josephine
 20737 | D:11     | Received a gift from Okawaru
 21901 | Orc:2    | Entered Level 2 of the Orcish Mines
 21946 | Orc:2    | Found a dark tunnel.
 21953 | Volcano  | Entered a volcano
 22025 | Orc:2    | Found a staircase to the Elven Halls.
 22341 | Orc:2    | Noticed Nessos
 22598 | D:11     | Killed Josephine
 22599 | D:11     | Reached skill level 15 in Invocations
 23525 | D:12     | Reached skill level 5 in Shields
 23739 | D:12     | Reached skill level 1 in Axes
 24333 | D:13     | Noticed an ironbound preserver
 24334 | D:13     | Found a gate to the Vaults.
 24586 | D:12     | Received a gift from Okawaru
 25171 | D:13     | Reached skill level 5 in Throwing
 25178 | D:13     | Received a gift from Okawaru
 25221 | D:13     | Reached XP level 15. HP: 117/117 MP: 26/26
 25780 | D:14     | Killed from afar by a meliai

Illustrated notes

Levels and vault maps discovered:
D:1:      ncdulo_halloftheorcs, layout_loops_corners, serial_shops, shop,
          ebering_dispersal_statue_hall
D:2:      layout_loops_ring, shapermc_ecumenical_altar_rom_forum, basic_altar,
          minmay_goblin_kobold_house
D:3:      layout_rooms
D:4:      layout_loops_ring, minmay_temple_entry_mist, uniq_pikel
D:5:      lemuel_ratsnest, layout_rooms, serial_demonic, serial_demonic_c,
          serial_demonic_d, serial_demonic_a, serial_demonic_b
D:6:      kb_forest_paths, layout_basic, mainiacjoe_overflow_alcove_2,
          lightli_minifort, uniq_prince_ribbit1
D:7:      layout_layer_cave, serial_glass, glass_columns_a, glass_columns_b,
          feat_on_display, feat_on_display, uniq_duvessa
D:8:      layout_gridville, st_stairs_10
D:9:      layout_rooms, serial_bayou_pond_b, uniq_erolcha, uniq_maggie
D:10:     layout_irregular_city, david_lair_generic,
          minmay_orc_entry_guard_dogs, serial_shops, nicolae_diamond_shop,
          uniq_psyche, uniq_fannar
D:11:     layout_roguey, serial_shops, shop, minivault_1, minmay_starry_boxes,
          uniq_josephine
D:12:     layout_stronghold
D:13:     layout_basic, skrybe_vaults_entry_preservation
D:14:     layout_basic, serial_corexii_hall, corexii_hall_statues_deadend,
          corexii_hall_statues_x, corexii_hall_statues_i,
          chequers_hall_statues_y
Temple:   regret_index_temple_sigil_plot
Lair:1:   layout_misc_corridors
Lair:2:   statuecave_lemuel, layout_loops_ring, gammafunk_ghost_abyssal_escape,
          dreamdust_mushroom_princess, grunt_megastairs_4
Lair:3:   nzn_winding_woodlands_cross
          [nzn_winding_woodlands_5x15_river_crossing,
          nzn_winding_woodlands_5x15_longhouse,
          nzn_winding_woodlands_5x15_default, nzn_winding_woodlands_5x15_garden,
          nzn_winding_woodlands_15x15_killbox], layout_concentric_octagons,
          minmay_shoals_entry_beasts, spider_nest_entry_rubble,
          gammafunk_ghost_cemetery
Lair:4:   layout_regular_city, minivault_11, kennysheep_basilisk_garden
Lair:5:   hellmonk_lair_end_abyssal_woods, layout_gridlike, slime_entry_1,
          dreamdust_gnoll_shepherd, uniq_rupert
Orc:1:    layout_caves
Orc:2:    st_orc_pillars, layout_diamond_mine, enter_volcano_2, uniq_sonja,
          uniq_nessos

Skill      XL: |  1  2  3  4  5  6  7  8  9 10 11 12 13 14 15 |
---------------+----------------------------------------------+-----
Dodging        | 3 4 6 7 8 9 |  9.9
Polearms       | 3 4 5 7 9 10 11 12 | 12.4
Armour         | 1 3 5 6 7 8 9 |  9.7
Throwing       | 2 3 5 |  5.0
Shields        | 2 3 5 6 |  6.0
Fighting       | 3 4 6 7 9 10 | 10.9
Stealth        | 1 2 3 4 5 6 |  6.1
Invocations    | 2 4 7 9 10 12 14 15 | 15.1
Axes           | 2 |  2.4

Action                     |  1- 3 |  4- 6 |  7- 9 | 10-12 | 13-15 || total
---------------------------+-------+-------+-------+-------+-------++-------
  Melee: Trident           |    85 |       |       |       |       ||    85
         Whip              |    25 |    60 |   317 |    44 |    56 ||   502
         Headbutt          |     9 |     6 |    84 |   245 |   418 ||   762
         Touch             |       |     8 |    62 |   144 |       ||   214
         Tailslap          |       |       |    59 |   160 |   299 ||   518
         Punch             |       |       |     5 |    12 |       ||    17
         Spear             |       |       |    87 |   756 |  1213 ||  2056
         War axe           |       |       |       |       |    39 ||    39
  Throw: Boomerang         |     8 |       |     2 |    14 |    15 ||    39
         Javelin           |       |       |       |    10 |    34 ||    44
 Invoke: Heroism           |       |       |     2 |    13 |    14 ||    29
         Finesse           |       |       |       |     6 |     6 ||    12
    Use: Potion            |       |       |     5 |     3 |     1 ||     9
         Scroll            |       |       |    20 |     8 |     3 ||    31
   Stab: Distracted        |       |     1 |       |     4 |       ||     5
         Sleeping          |       |       |     2 |     6 |     1 ||     9
         Petrified         |       |       |       |     6 |       ||     6
         Held in net/web   |       |       |       |     1 |       ||     1
 Armour: Leather armour    |    10 |       |       |       |       ||    10
         Ring mail         |    29 |    16 |   161 |   229 |   128 ||   563
         Plate armour      |       |       |       |       |   160 ||   160
  Dodge: Dodged            |    54 |    28 |   216 |   334 |   342 ||   974
  Block: Other             |    20 |    12 |    96 |    88 |       ||   216
         Reflection        |       |     1 |     2 |       |    28 ||    31
         Kite shield       |       |       |       |    94 |   881 ||   975

Table legend: (Time is in decaauts)
 A = Elapsed time spent in this place.
 B = Non-inter-level travel time spent in this place.
 C = Inter-level travel time spent in this place.
 D = Time resting spent in this place.
 E = Time spent auto-exploring this place.
 F = Levels seen in this place.
 G = Mean time per level.
                   A        B        C        D        E       F      G
               +--------+--------+--------+--------+--------+-----+--------+
         Total |  25208 |  23884 |   1324 |   6337 |  11968 |  23 | 1096.0 |
       Dungeon |  14095 |  13201 |    894 |   2737 |   7481 |  14 | 1006.8 |
        Temple |    374 |    325 |     49 |      0 |    241 |   1 |  374.0 |
          Lair |   9638 |   9314 |    324 |   3068 |   3961 |   5 | 1927.6 |
  Orcish Mines |   1049 |    992 |     57 |    506 |    282 |   2 |  524.5 |
       Volcano |     51 |     51 |      0 |     26 |      2 |   1 |   51.0 |
               +--------+--------+--------+--------+--------+-----+--------+

Top non-repeatable levels by time:
  Lair:3: 2878 daAuts
  Lair:5: 2570 daAuts
    D:10: 2094 daAuts
  Lair:2: 1887 daAuts
  Lair:4: 1656 daAuts
    D:12: 1644 daAuts
     D:1: 1202 daAuts
    D:13: 1199 daAuts
     D:6: 1047 daAuts
     D:7: 1008 daAuts
   Orc:1: 1002 daAuts
     D:2: 953 daAuts
     D:9: 935 daAuts
     D:5: 931 daAuts
     D:4: 922 daAuts
